 Dungeon Crawl Stone Soup version 0.30-a0-937-ga0a21ad780 (webtiles) character file.

Game seed: 17424148733955321115

11944 dolemite99 the Skirmisher (level 11, -5/70 (90) HPs)
             Began as a Minotaur Hunter on Mar 24, 2023.
             Was a High Priest of Hepliaklqana.
             Slain by a spectral orc knight
             ... wielding a +3 war axe
             ... summoned by Nergalle
              (7 damage)
             ... on level 11 of the Dungeon.
             The game lasted 00:17:22 (18365 turns).

dolemite99 the Skirmisher (Minotaur Hunter)        Turns: 18365, Time: 00:17:23

HP:   -5/70 (90)    AC: 14    Str: 18    XL:     11   Next: 56%
MP:   14/14         EV: 17    Int:  6    God:    Hepliaklqana [*****.]
Gold: 1860          SH:  0    Dex: 16    Spells: 10/10 levels left

rFire   . . .      SeeInvis .    a - +1 shortbow
rCold   . . .      Faith    .    (shield currently unavailable)
rNeg    . . .      Spirit   .    U - +0 troll leather armour
rPois   .          Reflect  .    (helmet restricted)
rElec   .          Rampage  .    h - +0 cloak
rCorr   .                        j - +0 pair of gloves
Will    .....                    (no boots)
Stlth   +                        Q - amulet of the acrobat
HPRegen 1.11/turn                o - +4 ring of protection
MPRegen 0.14/turn                w - +4 ring of protection

@: heavily drained
A: reduced essence, horns 2, retaliatory headbutt
a: Renounce Religion, Recall Ancestor, Ancestor Identity, Transference, Idealise


You were on level 11 of the Dungeon.
You worshipped Hepliaklqana.
Hepliaklqana was extremely pleased with you.
You visited 1 branch of the dungeon, and saw 11 of its levels.
You also visited: Ossuary and Bailey.

You collected 1860 gold pieces.

Inventory:

Hand Weapons
 a - a +1 shortbow (weapon)
 e - a +1 vampiric dagger
 g - a +1 dagger of holy wrath
 k - a +0 dagger of pain
 r - a +2 short sword of venom
 F - the +4 spear "Muihip" {heavy, rN+ Dex-4 SInv}
   (You found it on level 6 of the Dungeon)

   Dex:       It affects your dexterity (-4).
   rN:        It protects you from negative energy.
   SInv:      It lets you see invisible.
 H - a +2 short sword of draining
 K - a +2 antimagic hand axe
Missiles
 f - 26 boomerangs
 s - 27 poisoned darts
 I - a throwing net
 L - 4 datura-tipped darts
Armour
 c - a +0 leather armour
 h - a +0 cloak (worn)
 j - a +0 pair of gloves (worn)
 m - a +0 ring mail
 n - an orb of energy
 U - a +0 troll leather armour (worn)
Magical Staves
 P - a staff of fire
Jewellery
 l - a +6 ring of intelligence
 o - a +4 ring of protection (left hand)
 w - a +4 ring of protection (right hand)
 C - a ring of fire
 D - a ring of poison resistance
 E - a ring of positive energy
 J - a ring of willpower
 Q - an amulet of the acrobat (around neck)
Wands
 u - a wand of flame (14)
 v - a wand of polymorph (2)
 G - a wand of iceblast (4)
Scrolls
 b - a scroll of immolation
 i - 2 scrolls of fog
 p - 2 scrolls of amnesia
 x - 3 scrolls of butterflies
 y - a scroll of teleportation
 z - 2 scrolls of identify {@r1}
 A - 2 scrolls of vulnerability
 B - 2 scrolls of silence
 S - 2 scrolls of magic mapping
Potions
 q - 2 potions of lignification
 t - a potion of flight
 M - 2 potions of brilliance
 N - a potion of ambrosia
 R - a potion of magic
 T - 2 potions of resistance {unknown}


   Skills:
 - Level 10.2 Fighting
 - Level 13.7 Ranged Weapons
 - Level 11.0 Dodging
 - Level 0.7 Stealth
 + Level 5.9 Invocations


You had 10 spell levels left.
You didn't know any spells.
Your spell library contained the following spells:

 Spells                   Type           Power      Damage    Failure   Level
 Sting                    Tmut/Pois      0%         1d3       52%         1
 Blink                    Tloc           0%         N/A       65%         2
 Ensorcelled Hibernation  Hex/Ice        0%         N/A       65%         2
 Poisonous Vapours        Pois/Air       0%         N/A       65%         2
 Static Discharge         Conj/Air       0%         2-2/arc   65%         2
 Sublimation of Blood     Necr           0%         N/A       65%         2
 Wereblood                Tmut           0%         N/A       65%         2
 Spider Form              Tmut/Pois      0%         N/A       87%         3
 Stone Arrow              Conj/Erth      0%         3d7       87%         3
 Vhi's Electric Charge    Tloc/Air       0%         N/A       87%         3
 Anguish                  Hex/Necr       0%         N/A       99%         4
 Animate Armour           Summ/Erth      0%         N/A       99%         4
 Manifold Assault         Tloc           0%         N/A       99%         4
 Olgreb's Toxic Radiance  Pois           0%         N/A       99%         4
 Passage of Golubria      Tloc           0%         N/A       99%         4
 Arcjolt                  Conj/Air       0%         1d10      100%        5
 Plasma Beam              Fire/Air       0%         2x1d11    100%        5
 Silence                  Hex/Air        0%         N/A       100%        5
 Storm Form               Tmut/Air       0%         N/A       100%        7
 Summon Hydra             Summ           0%         N/A       100%        7
 Lehudib's Crystal Spear  Conj/Erth      0%         10d2      100%        8


Dungeon Overview and Level Annotations

Branches:
Dungeon (11/15)            Temple (0/1) D:7            Lair (0/5) D:11
    Orc (0/2) D:9         Ossuary (visited)          Bailey (visited)

Altars:
Hepliaklqana
Nemelex Xobeh
Yredelemnul
The Shining One

Shops:
D:3 (   D:5 =

Annotations:
D:3 Sigmund
D:4 exclusion: upstairs
D:8 3 runed translucent doors, GloriousHammer's ghost, novice OgCA
D:11 Nergalle


Innate Abilities, Weirdness & Mutations

Your life essence is reduced to manifest your ancestor. (-10% HP)
You have a pair of horns on your head.
You reflexively headbutt those who attack you in melee.


Message History

* * * LOW HITPOINT WARNING * * *
Eadburga barely misses the spectral orc warrior.
You feel better. Nergalle completely misses you.
The spectral orc warrior hits you from afar with a +0 trident.
* * * LOW HITPOINT WARNING * * *
The spectral orc barely misses Eadburga.
The spectral orc warrior completely misses you.
The spectral orc warrior hits Eadburga but does no damage.
The spectral orc warrior hits you but does no damage.
You feel drained.
The spectral orc knight barely misses you.
The spectral orc knight hits you.
* * * LOW HITPOINT WARNING * * *
You feel better. Nergalle casts a spell at you.
The bolt of negative energy misses you.
The bolt of negative energy hits the spectral orc warrior.
The spectral orc warrior completely resists.
The spectral orc warrior hits you but does no damage.
Eadburga blocks the spectral orc's attack.
Eadburga hits the spectral orc warrior with a +0 flail.
The spectral orc knight hits you with a +3 war axe!
* * * LOW HITPOINT WARNING * * *
You feel drained.
The spectral orc warrior barely misses you.
Eadburga blocks the spectral orc warrior's attack.
The spectral orc warrior completely misses you.
The spectral orc knight barely misses you.
You furiously retaliate!
You headbutt the spectral orc knight!
You feel better.
Nergalle gestures at you while chanting.
Orcish apparitions take form around you.
The spectral orc warrior closely misses you.
The spectral orc closely misses Eadburga.
The spectral orc warrior closely misses Eadburga.
The spectral orc warrior misses you.
The spectral orc knight hits you with a +3 war axe!
* * * LOW HITPOINT WARNING * * *
You feel drained.
You die...

.#.#......##.#....#
#.#####....#
...##.#.###.....###
.....
...###...#.#.....#
.#.##
.........[.......#
.....
.....#..##....##.#
## #. #
..........~##.# . .
....~...ZZ##
.....####ZZZ#
#.#.....ZR@Z#
.######oZZ..#
.ZZ.#.# .##..# # #.
#.. # ##. .. ##


You could see the friendly Eadburga the knight, Nergalle, 2 spectral orcs, 6
spectral orc warriors and 3 spectral orc knights.

Vanquished Creatures
  A boulder beetle (D:10)
  Lodul (D:11)
  A komodo dragon (D:11)
  2 trolls
  15 yaks
  A wyvern (D:9)
  Eustachio (D:4)
  Grum (D:8)
  A water moccasin (D:6)
  2 sky beasts (D:7)
  3 orc warriors
  2 black bears
  5 ice beasts
  3 ogres
  5 wolves
  2 centaurs
  4 kobold brigands (Bailey)
  2 bullfrogs
  10 scorpions
  4 wights (D:8)
  2 killer bees (D:11)
  A hound (D:5)
  3 human zombies (Ossuary)
  11 orc priests
  2 gnoll boudas
  A jelly (D:5)
  2 iguanas (D:6)
  Ijyb (D:4)
  12 orc wizards
  3 scorpion zombies (Ossuary)
  A sleepcap (D:4)
  2 mummies (Ossuary)
  5 adders
  6 gnolls
  3 shadow imps
  A white imp (D:7)
  3 ufetubi
  4 dart slugs
  43 orcs
  9 ball pythons
  7 bats
  7 endoplasms
  3 giant cockroaches
  8 goblins
  9 hobgoblins
  7 jackals
  6 quokkas
  3 frilled lizards
  A gnoll zombie (Ossuary)
  2 goblin zombies (Ossuary)
  A hobgoblin zombie (Ossuary)
  19 kobolds
  4 orc zombies (Ossuary)
  8 rats
266 creatures vanquished.

Vanquished Creatures (collateral kills)
  A gargoyle (D:10)
  A komodo dragon (D:10)
  A rime drake (D:11)
  5 yaks
  2 ice beasts (D:11)
  An orc warrior (D:10)
  4 ogres (D:11)
  2 wolves (D:8)
  2 kobold brigands
  A scorpion (D:5)
  A killer bee (D:11)
  A centaur zombie (Ossuary)
  A hound (D:6)
  5 orc priests
  6 orc wizards
  A mummy (Ossuary)
  5 gnolls
  An adder (D:5)
  A shadow imp (D:7)
  An ufetubus (D:6)
  3 orcs
  An endoplasm (D:2)
  A goblin (D:2)
  A gnoll zombie (Ossuary)
  A hobgoblin zombie (Ossuary)
  3 kobolds
  A kobold zombie (Ossuary)
  3 orc zombies (Ossuary)
  2 butterflies (D:7)
59 creatures vanquished.

Vanquished Creatures (others)
  2 kobold brigands (Bailey)
  An ancestor (Ossuary)
  9 knights
12 creatures vanquished.

Grand Total: 337 creatures vanquished

Notes
Turn   | Place    | Note
-------+----------+-------------------------------------------
     0 | D:1      | dolemite99 the Minotaur Hunter began the quest for the Orb.
     0 | D:1      | Reached XP level 1. HP: 18/18 MP: 0/0
   242 | D:1      | Reached XP level 2. HP: 25/25 MP: 1/1
   253 | D:1      | Reached skill level 5 in Ranged Weapons
   644 | D:1      | Reached XP level 3. HP: 30/30 MP: 2/2
  1346 | D:2      | Reached skill level 6 in Ranged Weapons
  1419 | D:2      | Reached XP level 4. HP: 34/37 MP: 3/3
  1808 | D:3      | Found Voat's Weapon Boutique.
  2537 | D:3      | Found a hazy altar of Hepliaklqana.
  2622 | D:3      | Became a worshipper of Hepliaklqana the Forgotten
  2655 | D:3      | Noticed Sigmund
  2757 | D:4      | Noticed an ogre
  2766 | D:4      | Killed an ogre
  2767 | D:4      | Reached skill level 7 in Ranged Weapons
  2767 | D:4      | Reached XP level 5. HP: 12/42 MP: 4/4
  3177 | D:4      | Reached skill level 8 in Ranged Weapons
  3380 | D:4      | Noticed a black bear
  3397 | D:4      | Killed a black bear
  3398 | D:4      | Reached XP level 6. HP: 40/50 MP: 5/5
  3459 | D:4      | Noticed Eustachio
  3548 | D:4      | Killed Eustachio
  3549 | D:4      | Reached skill level 9 in Ranged Weapons
  3815 | D:4      | Found a sparkling altar of Nemelex Xobeh.
  3829 | D:4      | Reached XP level 7. HP: 48/56 MP: 6/6
  4137 | D:4      | Noticed Ijyb
  4154 | D:4      | Killed Ijyb
  4931 | D:5      | Entered Level 5 of the Dungeon
  5078 | D:5      | Reached * piety under Hepliaklqana
  5394 | D:5      | Reached skill level 10 in Ranged Weapons
  5885 | D:5      | Found a basalt altar of Yredelemnul.
  6319 | D:5      | You fall into a shaft and drop 1 floor!
  6433 | D:6      | Found a sand-covered staircase.
  6443 | D:6      | Reached skill level 11 in Ranged Weapons
  6457 | Ossuary  | Entered an ossuary
  6687 | Ossuary  | Reached XP level 8. HP: 55/55 MP: 5/7
  6856 | Ossuary  | Reached skill level 12 in Ranged Weapons
  7229 | D:6      | Reached ** piety under Hepliaklqana
  7232 | D:6      | Remembered your ancestor Eadburga as a knight
  7592 | D:5      | Found Jofecequ's Jewellery Boutique.
  9181 | D:6      | Reached skill level 5 in Fighting
  9181 | D:6      | Reached XP level 9. HP: 54/66 MP: 8/8
  9446 | D:6      | Identified the +4 spear "Muihip" {heavy, rN+ Dex-4 SInv}
  9504 | D:7      | Reached *** piety under Hepliaklqana
 11605 | D:7      | Found a staircase to the Ecumenical Temple.
 11824 | D:8      | Found a runed translucent gate.
 11824 | D:8      | Found a runed translucent gate.
 11824 | D:8      | Found a runed translucent gate.
 11829 | D:8      | Noticed GloriousHammer's ghost (novice OgCA)
 11829 | D:8      | Noticed a spectral unseen horror
 12324 | D:8      | Reached skill level 5 in Dodging
 12573 | D:8      | Noticed Grum
 12590 | D:8      | Reached XP level 10. HP: 81/81 MP: 9/9
 12598 | D:8      | Killed Grum
 13481 | D:9      | Found a flagged portal.
 13512 | Bailey   | Entered a bailey
 13820 | Bailey   | Noticed an orc knight
 13953 | D:9      | Found a staircase to the Orcish Mines.
 13991 | D:9      | Reached skill level 10 in Dodging
 14014 | D:9      | Reached **** piety under Hepliaklqana
 14696 | D:10     | Entered Level 10 of the Dungeon
 15175 | D:10     | Noticed a gargoyle
 15198 | D:10     | Killed a gargoyle
 15199 | D:10     | Reached skill level 13 in Ranged Weapons
 15445 | D:10     | Reached XP level 11. HP: 89/89 MP: 10/10
 15623 | D:10     | Reached ***** piety under Hepliaklqana
 15666 | D:10     | Found a glowing golden altar of the Shining One.
 16301 | D:11     | Reached skill level 10 in Fighting
 16893 | D:11     | Noticed a boulder beetle
 17217 | D:11     | Found a staircase to the Lair.
 17433 | D:11     | Reached skill level 1 in Invocations
 17745 | D:10     | Killed a boulder beetle
 18013 | D:11     | Noticed Lodul
 18025 | D:11     | Reached skill level 5 in Invocations
 18029 | D:11     | Killed Lodul
 18341 | D:11     | Noticed Nergalle
 18365 | D:11     | HP: 2/73 [spectral orc knight/+3 war axe[Nergalle] (17)]
 18365 | D:11     | Slain by a spectral orc knight

Illustrated notes

Levels and vault maps discovered:
D:1:      onia_arrival_handbag, layout_basic
D:2:      layout_basic, minmay_randomly_rotated_circles
D:3:      layout_rooms, kennysheep_vampire_church, overflow_temple_1_default,
          serial_shops, nicolae_shop_crystal, uniq_sigmund
D:4:      layout_loops_corners, mainiacjoe_overflow_tiny_flanked,
          uniq_eustachio, uniq_ijyb
D:5:      layout_cave_pods, mainiacjoe_overflow_alcove_4, portal_sewer_entry_d,
          serial_shops, kennysheep_mini_moat
D:6:      layout_loops_corners, nicolae_ossuary_entry_monument,
          grunt_ministairs_13
D:7:      layout_cave_pools, minmay_temple_entry_butterflies
D:8:      layout_loops_ring, gammafunk_ghost_necromancy,
          minmay_misc_feat_rugged, uniq_grum
D:9:      layout_grid_maze, orc_0_dummy, enter_bailey_2, chequers_garden,
          hangedman_corner_corridor
D:10:     layout_cave_pools, nicolae_tso_carved_into_rock
D:11:     layout_basic, hellmonk_lair_entry_icy, uniq_lodul, uniq_nergalle

Skill      XL: |  1  2  3  4  5  6  7  8  9 10 11 |
---------------+----------------------------------+-----
Ranged Weapons | 5 6 7 8 9 11 12 13 | 13.7
Fighting       | 5 9 10 | 10.2
Dodging        | 5 11 | 11.0
Invocations    | 5 |  5.9
Stealth        | |  0.7

Action                     |  1- 3 |  4- 6 |  7- 9 | 10-12 || total
---------------------------+-------+-------+-------+-------++-------
  Melee: Shortbow          |       |       |    12 |       ||    12
   Fire: Shortbow          |   125 |   164 |   503 |   507 ||  1299
  Throw: Dart              |       |       |       |     2 ||     2
 Invoke: Recall Ancestor   |       |       |     5 |     8 ||    13
         Ancestor Life: Kn |       |       |     1 |       ||     1
  Evoke: Wand              |       |       |     5 |     9 ||    14
    Use: Scroll            |       |     2 |    13 |     3 ||    18
         Potion            |       |     4 |     5 |     5 ||    14
 Armour: Leather armour    |    14 |     5 |    36 |    34 ||    89
         Ring mail         |       |    47 |    33 |       ||    80
         Skin              |       |    45 |     8 |       ||    53
         Troll leather arm |       |       |       |    14 ||    14
  Dodge: Dodged            |    41 |    97 |    72 |   184 ||   394

Table legend: (Time is in decaauts)
 A = Elapsed time spent in this place.
 B = Non-inter-level travel time spent in this place.
 C = Inter-level travel time spent in this place.
 D = Time resting spent in this place.
 E = Time spent auto-exploring this place.
 F = Levels seen in this place.
 G = Mean time per level.
                   A        B        C        D        E       F      G
               +--------+--------+--------+--------+--------+-----+--------+
         Total |  18357 |  17663 |    694 |   8441 |   6292 |  13 | 1412.1 |
       Dungeon |  17255 |  16561 |    694 |   7947 |   6123 |  11 | 1568.6 |
       Ossuary |    760 |    760 |      0 |    312 |    119 |   1 |  760.0 |
        Bailey |    341 |    341 |      0 |    181 |     50 |   1 |  341.0 |
               +--------+--------+--------+--------+--------+-----+--------+

Top non-repeatable levels by time:
     D:4: 3010 daAuts
    D:10: 2243 daAuts
     D:6: 2052 daAuts
     D:8: 1677 daAuts
     D:2: 1448 daAuts
    D:11: 1386 daAuts
     D:7: 1358 daAuts
     D:1: 1209 daAuts
     D:5: 1113 daAuts
     D:9: 980 daAuts
     D:3: 774 daAuts
 Ossuary: 760 daAuts
  Bailey: 341 daAuts
